 Dungeon Crawl Stone Soup version 0.29.0-10-g45618ea6d2 (webtiles) character file.

Game seed: 4901434773375316561

37 Sabo the Gusty (level 3, -3/19 HPs)
             Began as a Gargoyle Air Elementalist on Sept 1, 2022.
             Slain by a worm (7 damage)
             ... on level 2 of the Dungeon.
             The game lasted 00:08:00 (1524 turns).

Sabo the Gusty (Gargoyle Air Elementalist)          Turns: 1524, Time: 00:08:01

Health: -3/19      AC:  5    Str: 17    XL:     3   Next: 41%
Magic:  3/6        EV: 12    Int: 17    God:
Gold:   109        SH:  0    Dex: 10    Spells: 5/6 levels left

rFire   . . .      SeeInvis .   d - +0 short sword
rCold   . . .      Faith    .   (no shield)
rNeg    + . .      Spirit   .   a - +0 robe
rPois   ∞          Reflect  .   (no helmet)
rElec   +          Harm     .   (no cloak)
rCorr   .          Rampage  .   (no gloves)
Will    .....                   (no boots)
Stlth   ++........              (no amulet)
HPRegen 0.06/turn               o - +6 ring of strength
MPRegen 0.10/turn               (no ring)

@: no status effects
A: sickness immunity, AC +3, negative energy resistance 1, electricity
resistance, torment resistance 1, petrification resistance
a: no special abilities


You were on level 2 of the Dungeon.
You visited 1 branch of the dungeon, and saw 2 of its levels.

You collected 109 gold pieces.

Inventory:

Hand Weapons
 d - a +0 short sword (weapon)
Missiles
 l - 3 javelins (quivered)
Armour
 a - a +0 robe (worn)
Jewellery
 o - a +6 ring of strength (left hand)
Scrolls
 f - a scroll of identify {unknown}
 i - a scroll of fear
 j - a scroll of brand weapon {unknown}
 k - 2 scrolls of immolation
 m - a scroll of teleportation {unknown}
 p - a scroll of enchant armour {unknown}
Potions
 b - a potion of magic
 c - a potion of heal wounds {unknown}
 e - a potion of might {unknown}
 g - a potion of brilliance {unknown}
 h - a potion of attraction {unknown}
 n - a potion of curing {unknown}


   Skills:
 + Level 1.6 Dodging
 + Level 2.4 Stealth
 + Level 2.4 Spellcasting
 + Level 2.0 Conjurations
 + Level 2.8 Air Magic


You had 5 spell levels left.
You knew the following spells:

 Your Spells              Type           Power      Damage    Failure   Level
a - Shock                 Conj/Air       40%        1d5       7%          1

Your spell library contained the following spells:

 Spells                   Type           Power      Damage    Failure   Level
 Static Discharge         Conj/Air       10%        3-5/arc   11%         2
 Foxfire                  Conj/Fire      20%        2x1d5     12%         1
 Swiftness                Air            11%        N/A       17%         3
 Scorch                   Fire           4%         2d5       28%         2
 Conjure Flame            Conj/Fire      5%         6-21      36%         3
 Inner Flame              Hex/Fire       2%         N/A       50%         3
 Airstrike                Air            5%         2d(1-17)  50%         4
 Flame Wave               Conj/Fire      5%         2d5       77%         4
 Summon Cactus Giant      Summ           1%         N/A       100%        6


Dungeon Overview and Level Annotations

Branches:
Dungeon (2/15)

Altars:

Shops:
D:1 ![[=


Innate Abilities, Weirdness & Mutations

You are immune to sickness and miasma.
Your stone body is resilient. (AC +3)
You are immune to poison.
You resist negative energy. (rN+)
You are resistant to electric shocks. (rElec)
You are resistant to unholy torment.
You are immune to petrification.


Message History

Press: ? - help, Shift-Dir - straight line, f/p - worm
Aim: a worm (89% to hit)
You miscast Shock.
You are very lightly contaminated with residual magic.
Nothing appears to happen.
Casting: Shock (safe; 7% risk of failure)
Confirm with . or Enter, or press ? or * to list all spells.
Aiming: Shock (safe; 7% risk of failure)
Press: ? - help, Shift-Dir - straight line, f/p - worm
Aim: a worm (89% to hit)
The zap hits the worm.
The worm is moderately wounded.
The worm bites you but does no damage.
You hit the worm.
The worm is moderately wounded.
The worm barely misses you.
You hit the worm.
The worm is moderately wounded.
You barely miss the worm.
The worm is moderately wounded.
The worm bites you!
You hit the worm but do no damage.
The worm is moderately wounded.
The worm bites you.
* * * LOW HITPOINT WARNING * * *
You hit the worm but do no damage.
The worm is moderately wounded.
Your magical contamination has completely faded away.
You hit the worm.
The worm is heavily wounded.
The worm barely misses you.
Casting: Shock (safe; 7% risk of failure)
Confirm with . or Enter, or press ? or * to list all spells.
Aiming: Shock (safe; 7% risk of failure)
Press: ? - help, Shift-Dir - straight line, f/p - worm
Aim: a worm (moderately wounded, 89% to hit)
The zap hits the worm.
The worm is severely wounded.
The worm bites you!
You die...

########.....'.....#
##.......#.###.....#
...........# ###.###
.........### #.#
........<# #.#
.........# #.#
##.......# #.#
######### #.#####
#@w...# #####.#


You could see a worm.

Vanquished Creatures
  2 adders (D:2)
  A dart slug (D:1)
  2 ball pythons (D:1)
  2 bats (D:1)
  A giant cockroach (D:1)
  2 goblins (D:1)
  A hobgoblin (D:2)
  3 jackals (D:1)
  A kobold (D:1)
  A frilled lizard (D:1)
16 creatures vanquished.

Vanquished Creatures (others)
  A plant (D:1)
1 creature vanquished.

Grand Total: 17 creatures vanquished

Notes
Turn   | Place    | Note
-------+----------+-------------------------------------------
     0 | D:1      | Sabo the Gargoyle Air Elementalist began the quest for the
                  | Orb.
     0 | D:1      | Reached XP level 1. HP: 10/10 MP: 3/3
    43 | D:1      | Found Xuw Gis's Distillery.
   228 | D:1      | Found Lous Piv's Antique Armour Emporium.
   359 | D:1      | Reached XP level 2. HP: 15/15 MP: 0/5
   610 | D:1      | Found Nylinuwn's Armour Emporium.
   703 | D:1      | Found Woyvenax's Jewellery Emporium.
   767 | D:1      | You fall into a shaft and drop 1 floor!
  1127 | D:2      | Reached XP level 3. HP: 19/19 MP: 0/6
  1524 | D:2      | Slain by a worm

Illustrated notes

Levels and vault maps discovered:
D:1:      sevenhm_arrival_forest_fort_small_4, layout_rooms, serial_shops, shop,
          shop, nicolae_shop_competitors_out_of_business,
          nicolae_shop_overgrown_old_shop
D:2:      layout_basic, hellmonk_ecumenical_altar_inner_sanctum

Skill      XL: |  1  2  3 |
---------------+----------+-----
Conjurations   | 2 |  2.0
Dodging        | |  1.6
Stealth        | |  2.4
Spellcasting   | |  2.4
Air Magic      | |  2.8

Action                   || total
-------------------------++-------
Melee: Short sword       ||    33
       Unarmed           ||     3
 Cast: Shock             ||    32
  Use: Scroll            ||     2
Armor: Robe              ||    15
Dodge: Dodged            ||    27
